 Dungeon Crawl Stone Soup version 0.30-a0-802-gb92711bcdf (webtiles) character file.

Game seed: 1692398031241821694

317 cforsyth the Sneak (level 6, -1/57 HPs)
             Began as a Kobold Brigand on Feb 24, 2023.
             Slain by a scorpion (3 damage)
             ... on level 4 of the Dungeon.
             The game lasted 00:03:34 (2546 turns).

cforsyth the Sneak (Kobold Brigand)                 Turns: 2546, Time: 00:03:34

Health: -1/57      AC:  5    Str:  8    XL:     6   Next: 73%
Magic:  6/6        EV: 16    Int: 12    God:
Gold:   225        SH:  0    Dex: 19    Spells: 5/5 levels left

rFire   . . .      SeeInvis .    a - +2 dagger
rCold   . . .      Faith    .    (no shield)
rNeg    . . .      Spirit   .    b - +0 robe
rPois   .          Reflect  .    v - +2 hat
rElec   .          Harm     .    c - +0 cloak
rCorr   .          Rampage  .    (no gloves)
Will    .....                    (no boots) Stlth
                                 (no amulet)
HPRegen 0.29/turn                i - ring of flight
MPRegen 0.10/turn                l - +4 ring of slaying

@: berserking, lethally poisoned (-1 -> -9), flying, very quick
A: small, no large weapons, nightstalker 3
a: no special abilities


You were on level 4 of the Dungeon.
You visited 1 branch of the dungeon, and saw 4 of its levels.

You collected 225 gold pieces.

Inventory:

Hand Weapons
 a - a +2 dagger (weapon)
Missiles
 d - 11 poisoned darts (quivered)
 e - 3 curare-tipped darts
 w - 2 throwing nets
Armour
 b - a +0 robe (worn)
 c - a +0 cloak (worn)
 v - a +2 hat (worn)
Jewellery
 i - a ring of flight (left hand)
 l - a +4 ring of slaying (right hand)
 p - a +6 ring of strength
Scrolls
 j - 3 scrolls of teleportation {unknown}
 k - 4 scrolls of identify {unknown}
 m - a scroll of blinking {unknown}
 q - a scroll of immolation {unknown}
 r - 2 scrolls of fog {unknown}
 s - a scroll of magic mapping {unknown}
Potions
 f - 2 potions of brilliance {unknown}
 g - a potion of flight {unknown}
 h - 2 potions of heal wounds {unknown}
 n - a potion of berserk rage
 o - a potion of experience {unknown}
 t - 2 potions of resistance {unknown}
 u - a potion of haste {unknown}


   Skills:
 + Level 4.0 Fighting
 + Level 4.9 Short Blades
 - Level 2.1 Throwing
 + Level 3.9 Dodging
 + Level 6.9 Stealth


You had 5 spell levels left.
You didn't know any spells.
Your spell library contained the following spells:

 Spells                   Type           Power      Damage    Failure   Level
 Shock                    Conj/Air       0%         1d3       32%         1
 Slow                     Hex            0%         N/A       32%         1
 Confusing Touch          Hex            0%         N/A       69%         3
 Swiftness                Air            0%         N/A       69%         3
 Vampiric Draining        Necr           0%         2d6       69%         3
 Airstrike                Air            0%         2d(0-16)  97%         4


Dungeon Overview and Level Annotations

Branches:
Dungeon (4/15)
 Temple: D:4-7

Altars:

Annotations:
D:4 2 runed translucent doors


Innate Abilities, Weirdness & Mutations

You are small and have problems with some larger weapons.
You are completely attuned to the shadows.


Message History

The orc closely misses you.
You barely miss the orc.
The orc is almost dead.
The scorpion closely misses you. The orc hits you with a +0 hand axe.
* * * LOW HITPOINT WARNING * * *
You hit the orc.
You kill the orc!
You hit the scorpion but do no damage.
The scorpion stings you but does no damage.
You hit the scorpion.
The scorpion is moderately wounded.
The scorpion completely misses you.
You hit the scorpion.
The scorpion is moderately wounded.
The scorpion misses you.
You closely miss the scorpion.
The scorpion is moderately wounded.
The scorpion stings you but does no damage.
You hit the scorpion.
The scorpion is heavily wounded.
The scorpion misses you.
You barely miss the scorpion.
The scorpion is heavily wounded.
The scorpion stings you.
* * * LOW HITPOINT WARNING * * *
You are lethally poisoned!
The scorpion poisons you!
You puncture the scorpion!
The scorpion is almost dead.
* * * LOW HITPOINT WARNING * * *
You feel very sick. The scorpion stings you.
* * * LOW HITPOINT WARNING * * *
Unknown command.
It was a potion of berserk rage.
A red film seems to cover your vision as you go berserk!
You feel yourself moving faster!
You feel mighty!
* * * LOW HITPOINT WARNING * * *
You feel sick. The scorpion stings you.
You die...

..#..###.#..........#..
#..###.#.#.##.#######
##..##..##..#. #
..............# #
#....###......# .
#>............#
..............#
...s).......#
#..)@.....#.#
#.()).......# #
.......##... . ...#...#
... . .####... . . #


You could see a scorpion.

Vanquished Creatures
  2 hounds
  2 orc priests (D:4)
  Jessica (D:3)
  An orc wizard (D:4)
  7 adders
  7 worms
  A dart slug (D:2)
  2 orcs (D:4)
  4 bats
  5 endoplasms
  A giant cockroach (D:2)
  4 goblins
  4 hobgoblins
  2 jackals (D:3)
  5 kobolds
  5 quokkas
  7 ball pythons
  4 frilled lizards
  4 rats
68 creatures vanquished.

Notes
Turn   | Place    | Note
-------+----------+-------------------------------------------
     0 | D:1      | cforsyth the Kobold Brigand began the quest for the Orb.
     0 | D:1      | Reached XP level 1. HP: 12/12 MP: 1/1
   289 | D:1      | Reached XP level 2. HP: 18/18 MP: 2/2
   918 | D:2      | Reached XP level 3. HP: 22/22 MP: 3/3
  1418 | D:2      | Reached XP level 4. HP: 19/27 MP: 4/4
  1639 | D:3      | Reached skill level 6 in Stealth
  1858 | D:3      | Noticed Jessica
  1871 | D:3      | Killed Jessica
  1872 | D:3      | Reached XP level 5. HP: 29/32 MP: 5/5
  2259 | D:4      | Found a runed translucent door.
  2278 | D:4      | Reached XP level 6. HP: 37/37 MP: 6/6
  2397 | D:4      | Found a runed translucent door.
  2546 | D:4      | HP: 2/57 [poisoned by a scorpion]
  2546 | D:4      | Slain by a scorpion

Illustrated notes

Levels and vault maps discovered:
D:1:      lemuel_arrival_lava_pool, layout_loops_ring, serial_bayou_pond_e,
          grunt_decor_junction, dreamdust_princess_bridge
D:2:      minmay_door_path, layout_basic, serial_bayou_pond_b,
          kennysheep_generic_room_3
D:3:      layout_rooms, serial_forest, infiniplex_forest_clump_small,
          infiniplex_forest_side_room, infiniplex_forest_clump_cross,
          infiniplex_forest_clump_small, minmay_misc_feat_tower,
          amethyst_killhole, small_statue_intersection, uniq_jessica
D:4:      layout_cave_pools, lemuel_round_altar, ebering_ghost_sewer_f,
          minmay_misc_feat_ornament, minmay_fractal_squares_gapless_5

Skill      XL: |  1  2  3  4  5  6 |
---------------+-------------------+-----
Short Blades   | 3 4 |  4.9
Dodging        | 2 3 |  3.9
Stealth        | 6 |  6.9
Fighting       | 3 4 |  4.0
Throwing       | |  2.1

Action                     |  1- 3 |  4- 6 || total
---------------------------+-------+-------++-------
  Melee: Dagger            |    70 |   109 ||   179
    Use: Potion            |       |     1 ||     1
   Stab: Sleeping          |    19 |    16 ||    35
         Distracted        |     1 |       ||     1
 Armour: Robe              |    11 |    15 ||    26
  Dodge: Dodged            |    49 |    60 ||   109

Table legend: (Time is in decaauts)
 A = Elapsed time spent in this place.
 B = Non-inter-level travel time spent in this place.
 C = Inter-level travel time spent in this place.
 D = Time resting spent in this place.
 E = Time spent auto-exploring this place.
 F = Levels seen in this place.
 G = Mean time per level.
                   A        B        C        D        E       F      G
               +--------+--------+--------+--------+--------+-----+--------+
         Total |   2516 |   2430 |     86 |      0 |   1977 |   4 |  629.0 |
       Dungeon |   2516 |   2430 |     86 |      0 |   1977 |   4 |  629.0 |
               +--------+--------+--------+--------+--------+-----+--------+

Top non-repeatable levels by time:
     D:2: 799 daAuts
     D:1: 785 daAuts
     D:3: 633 daAuts
     D:4: 297 daAuts
